[ PARTIDA AOE2 · #459166806 ]
UnrankedPortugueses vs Byzantines
[ ANÁLISIS DE REPETICIÓN · EXTRAÍDO DE LA PARTIDA GRABADA ]
Feudal
10:37
Castillos
14:09
Imperial
28:12
| APM promedio | 34.4 |
| APM pico | 80 |
| eAPM promedio | 27.5 |
| Aldeanos / militares | 245 / 1008 |
Foco
⚔️ 48.8% · 🌾 51.2%
Spearman ×617 · Militia ×258 · Organ Gun ×87 · Trade Cart ×72 · Trebuchet (Packed) ×28 · Bombard Cannon ×18
Feudal
12:11
Castillos
16:20
Imperial
30:35
| APM promedio | 28.8 |
| APM pico | 71 |
| eAPM promedio | 20.6 |
| Aldeanos / militares | 186 / 838 |
Foco
⚔️ 32.7% · 🌾 67.3%
Spearman ×411 · Knight ×255 · Scout Cavalry ×172 · Trade Cart ×60
Feudal
11:02
Castillos
15:01
Imperial
32:06
| APM promedio | 25.2 |
| APM pico | 97 |
| eAPM promedio | 21.0 |
| Aldeanos / militares | 177 / 555 |
Foco
⚔️ 51.9% · 🌾 48.1%
Skirmisher ×170 · Eagle Scout ×127 · Spearman ×122 · Archer ×78 · Battering Ram ×52 · Trade Cart ×51
Feudal
10:55
Castillos
14:06
Imperial
29:46
| APM promedio | 19.7 |
| APM pico | 48 |
| eAPM promedio | 16.7 |
| Aldeanos / militares | 240 / 514 |
Foco
⚔️ 38.9% · 🌾 61.1%
War Elephant ×499 · Trade Cart ×61 · Trebuchet (Packed) ×12 · Monk ×3
Feudal
—
Castillos
—
Imperial
—
| APM promedio | 1188.4 |
| APM pico | 6271 |
| eAPM promedio | 1186.7 |
| Aldeanos / militares | 0 / 482 |
Foco
⚔️ 74.3% · 🌾 25.7%
Hand Cannoneer ×234 · Cataphract ×71 · Scout Cavalry ×47 · Mangonel ×45 · Battering Ram ×24 · Monk ×22
Feudal
—
Castillos
—
Imperial
—
| APM promedio | 1388.3 |
| APM pico | 9777 |
| eAPM promedio | 1386.7 |
| Aldeanos / militares | 0 / 1079 |
Foco
⚔️ 66.2% · 🌾 33.8%
Cavalry Archer ×327 · Keshik ×245 · Scout Cavalry ×211 · Hand Cannoneer ×138 · Battering Ram ×40 · Steppe Lancer ×32
Feudal
—
Castillos
—
Imperial
—
| APM promedio | 1901.5 |
| APM pico | 14210 |
| eAPM promedio | 1898.2 |
| Aldeanos / militares | 0 / 1432 |
Foco
⚔️ 63.5% · 🌾 36.5%
Spearman ×377 · Scout Cavalry ×282 · Hand Cannoneer ×210 · Coustillier ×209 · Skirmisher ×108 · Battering Ram ×91
Feudal
—
Castillos
—
Imperial
—
| APM promedio | 2710.3 |
| APM pico | 13777 |
| eAPM promedio | 2707.7 |
| Aldeanos / militares | 0 / 1241 |
Foco
⚔️ 77.6% · 🌾 22.4%
Magyar Huszar ×470 · Cavalry Archer ×318 · Spearman ×208 · Skirmisher ×99 · Knight ×76 · Battering Ram ×50
Mapa de la partida
Recursos iniciales + cada clic de construcción. Líneas = muros · curvas = relieve. ◆ oro · ⬟ piedra · ● bayas · ✦ reliquia · ◌ hueco del cierre
Tu base· ✓ Cerrada en 14:09 · 4t muro · 3 puerta(s)
Base de 阿拉·佐巴扬· ✓ Cerrada en 16:20 · 0t muro · 2 puerta(s)
Base de Macho· ✓ Cerrada en 15:01 · 0t muro · 2 puerta(s)
Base de farewar60· ✓ Cerrada en 14:06 · 0t muro · 3 puerta(s)
Base de · Abierta — hueco de 5t
Base de · ✓ Cerrada en 12:00 · 0t muro · 3 puerta(s)
Base de · ✓ Cerrada en 12:00 · 0t muro · 2 puerta(s)
Base de · ✓ Cerrada en 12:00 · 0t muro · 3 puerta(s)
Terreno inicial suavizado · ◌ = hueco del cierre detectado · pasá el cursor para detalles
Inputs por minuto
— Saladin - - 阿拉·佐巴扬
Build order — Saladin
Primeras 150 de 1007 acciones detectadas
| 0:03 | Crear | Villager (Male) |
| 0:04 | Construir | House |
| 0:06 | Construir | House |
| 0:21 | Crear | Villager (Male) |
| 0:21 | Crear | Villager (Male) |
| 0:21 | Crear | Villager (Male) |
| 1:30 | Crear | Villager (Male) |
| 2:00 | Crear | Villager (Male) |
| 2:14 | Crear | Villager (Male) |
| 2:17 | Construir | Lumber Camp |
| 2:56 | Crear | Villager (Male) |
| 2:57 | Crear | Villager (Male) |
| 2:57 | Crear | Villager (Male) |
| 3:44 | Crear | Villager (Male) |
| 3:45 | Crear | Villager (Male) |
| 4:01 | Construir | House |
| 4:35 | Construir | Mill |
| 4:37 | Crear | Villager (Male) |
| 4:40 | Crear | Villager (Male) |
| 4:40 | Crear | Villager (Male) |
| 5:10 | Crear | Villager (Male) |
| 5:29 | Construir | House |
| 5:54 | Crear | Villager (Male) |
| 6:00 | Construir | Farm |
| 6:38 | Crear | Villager (Male) |
| 6:52 | Crear | Villager (Male) |
| 6:53 | Crear | Villager (Male) |
| 7:11 | Construir | House |
| 7:32 | Crear | Villager (Male) |
| 7:41 | Crear | Villager (Male) |
| 8:27 | Investigar | Feudal Age |
| 8:31 | Construir | Palisade Wall |
| 8:34 | Construir | Palisade Wall |
| 8:38 | Construir | Palisade Wall |
| 8:39 | Construir | Palisade Wall |
| 10:08 | Crear | Villager (Male) |
| 10:37 | Edad | Edad Feudal |
| 10:38 | Construir | Market |
| 10:42 | Investigar | Double-Bit Axe |
| 10:42 | Investigar | Double-Bit Axe |
| 10:43 | Construir | Blacksmith |
| 10:47 | Construir | House |
| 10:56 | Crear | Villager (Male) |
| 11:02 | Investigar | Horse Collar |
| 11:24 | Construir | House |
| 11:29 | Investigar | Castle Age |
| 12:05 | Construir | Farm |
| 12:32 | Construir | Farm |
| 13:20 | Construir | Farm |
| 13:22 | Construir | Farm |
| 13:27 | Construir | Farm |
| 13:30 | Construir | Farm |
| 13:48 | Crear | Villager (Male) |
| 13:55 | Construir | Farm |
| 14:09 | Edad | Edad de los Castillos |
| 14:15 | Construir | Town Center |
| 14:25 | Construir | Town Center |
| 14:28 | Crear | Villager (Male) |
| 14:37 | Construir | Farm |
| 14:44 | Investigar | Bow Saw |
| 14:45 | Investigar | Heavy Plow |
| 15:01 | Construir | Farm |
| 15:02 | Crear | Villager (Male) |
| 15:02 | Crear | Villager (Male) |
| 15:25 | Crear | Villager (Male) |
| 15:29 | Construir | Farm |
| 15:35 | Crear | Villager (Male) |
| 15:47 | Crear | Villager (Male) |
| 15:51 | Construir | Farm |
| 15:53 | Construir | Farm |
| 15:54 | Construir | Farm |
| 15:59 | Crear | Villager (Male) |
| 15:59 | Crear | Villager (Male) |
| 16:03 | Construir | Farm |
| 16:04 | Construir | Farm |
| 16:07 | Crear | Villager (Male) |
| 16:16 | Construir | Farm |
| 16:23 | Construir | Farm |
| 16:24 | Crear | Villager (Male) |
| 16:24 | Crear | Villager (Male) |
| 16:32 | Construir | Farm |
| 16:41 | Crear | Villager (Male) |
| 16:45 | Crear | Villager (Male) |
| 16:45 | Crear | Villager (Male) |
| 16:51 | Construir | Farm |
| 16:53 | Crear | Villager (Male) |
| 17:00 | Construir | House |
| 17:03 | Crear | Villager (Male) |
| 17:06 | Construir | Farm |
| 17:14 | Crear | Villager (Male) |
| 17:18 | Construir | Farm |
| 17:21 | Crear | Villager (Male) |
| 17:29 | Construir | Farm |
| 17:29 | Crear | Villager (Male) |
| 17:33 | Crear | Villager (Male) |
| 17:43 | Crear | Villager (Male) |
| 17:49 | Crear | Villager (Male) |
| 17:55 | Crear | Villager (Male) |
| 18:00 | Crear | Villager (Male) |
| 18:07 | Crear | Villager (Male) |
| 18:12 | Construir | Town Center |
| 18:23 | Crear | Villager (Male) |
| 18:26 | Investigar | Wheelbarrow |
| 18:27 | Construir | House |
| 18:32 | Construir | House |
| 18:32 | Crear | Villager (Male) |
| 18:38 | Crear | Villager (Male) |
| 18:40 | Construir | Farm |
| 18:48 | Construir | Farm |
| 18:48 | Crear | Villager (Male) |
| 18:52 | Construir | Farm |
| 19:03 | Construir | Farm |
| 19:05 | Crear | Villager (Male) |
| 19:10 | Crear | Villager (Male) |
| 19:13 | Construir | Farm |
| 19:19 | Construir | House |
| 19:20 | Crear | Villager (Male) |
| 19:32 | Crear | Villager (Male) |
| 19:34 | Crear | Villager (Male) |
| 19:36 | Construir | House |
| 19:41 | Crear | Villager (Male) |
| 19:49 | Construir | Farm |
| 19:50 | Crear | Villager (Male) |
| 19:52 | Construir | Farm |
| 19:57 | Crear | Villager (Male) |
| 20:00 | Crear | Villager (Male) |
| 20:10 | Crear | Villager (Male) |
| 20:11 | Crear | Villager (Male) |
| 20:13 | Construir | House |
| 20:23 | Construir | Town Center |
| 20:33 | Crear | Villager (Male) |
| 20:34 | Crear | Villager (Male) |
| 20:34 | Crear | Villager (Male) |
| 20:35 | Construir | House |
| 20:40 | Crear | Villager (Male) |
| 20:44 | Crear | Villager (Male) |
| 20:52 | Investigar | Hand Cart |
| 20:55 | Construir | House |
| 20:56 | Crear | Villager (Male) |
| 21:00 | Crear | Villager (Male) |
| 21:11 | Crear | Villager (Male) |
| 21:13 | Construir | Mining Camp |
| 21:19 | Construir | Farm |
| 21:24 | Construir | Farm |
| 21:25 | Crear | Villager (Male) |
| 21:28 | Construir | Farm |
| 21:29 | Crear | Villager (Male) |
| 21:29 | Crear | Villager (Male) |
| 21:30 | Crear | Villager (Male) |
| 21:31 | Construir | House |
Build order — 阿拉·佐巴扬
Primeras 150 de 651 acciones detectadas
| 0:04 | Construir | House |
| 0:06 | Crear | Villager (Male) |
| 0:07 | Crear | Villager (Male) |
| 0:07 | Crear | Villager (Male) |
| 0:07 | Crear | Villager (Male) |
| 0:09 | Construir | House |
| 1:29 | Crear | Villager (Male) |
| 1:29 | Crear | Villager (Male) |
| 2:26 | Crear | Villager (Male) |
| 2:27 | Crear | Villager (Male) |
| 2:58 | Crear | Villager (Male) |
| 2:59 | Crear | Villager (Male) |
| 3:41 | Construir | Lumber Camp |
| 4:36 | Crear | Villager (Male) |
| 4:36 | Crear | Villager (Male) |
| 4:36 | Crear | Villager (Male) |
| 4:36 | Crear | Villager (Male) |
| 4:37 | Crear | Villager (Male) |
| 4:37 | Crear | Villager (Male) |
| 5:06 | Construir | House |
| 5:08 | Construir | House |
| 5:22 | Crear | Villager (Male) |
| 5:22 | Crear | Villager (Male) |
| 6:32 | Crear | Villager (Male) |
| 6:32 | Crear | Villager (Male) |
| 6:32 | Crear | Villager (Male) |
| 6:32 | Crear | Villager (Male) |
| 6:33 | Crear | Villager (Male) |
| 6:33 | Crear | Villager (Male) |
| 6:49 | Crear | Villager (Male) |
| 6:49 | Crear | Villager (Male) |
| 8:19 | Construir | Mill |
| 8:35 | Crear | Villager (Male) |
| 9:05 | Investigar | Feudal Age |
| 9:30 | Construir | Mining Camp |
| 10:07 | Construir | House |
| 10:42 | Construir | Farm |
| 10:43 | Construir | Farm |
| 10:53 | Construir | Farm |
| 11:26 | Construir | Farm |
| 11:42 | Crear | Villager (Male) |
| 11:42 | Crear | Villager (Male) |
| 12:01 | Construir | Farm |
| 12:11 | Edad | Edad Feudal |
| 12:20 | Construir | Blacksmith |
| 12:30 | Construir | Market |
| 12:40 | Investigar | Double-Bit Axe |
| 12:45 | Crear | Villager (Male) |
| 12:52 | Construir | Farm |
| 12:53 | Construir | Farm |
| 13:18 | Construir | Farm |
| 13:21 | Construir | Farm |
| 13:40 | Investigar | Castle Age |
| 13:45 | Crear | Villager (Male) |
| 14:23 | Construir | Mining Camp |
| 14:49 | Investigar | Stone Mining |
| 14:55 | Crear | Villager (Male) |
| 15:38 | Investigar | Gold Mining |
| 16:18 | Construir | House |
| 16:20 | Edad | Edad de los Castillos |
| 16:27 | Construir | Town Center |
| 16:34 | Crear | Villager (Male) |
| 16:39 | Construir | Farm |
| 16:40 | Construir | Farm |
| 16:47 | Investigar | Wheelbarrow |
| 16:49 | Investigar | Bow Saw |
| 16:59 | Construir | House |
| 17:05 | Construir | House |
| 17:07 | Construir | House |
| 17:08 | Construir | House |
| 17:14 | Crear | Villager (Male) |
| 17:57 | Crear | Villager (Male) |
| 18:05 | Construir | Town Center |
| 18:08 | Crear | Villager (Male) |
| 18:47 | Construir | House |
| 18:55 | Crear | Villager (Male) |
| 18:57 | Crear | Villager (Male) |
| 19:01 | Crear | Villager (Male) |
| 19:04 | Crear | Villager (Male) |
| 19:19 | Construir | Town Center |
| 19:31 | Crear | Villager (Male) |
| 19:32 | Crear | Villager (Male) |
| 19:35 | Crear | Villager (Male) |
| 19:36 | Crear | Villager (Male) |
| 19:45 | Crear | Villager (Male) |
| 19:55 | Construir | House |
| 20:06 | Crear | Villager (Male) |
| 20:08 | Crear | Villager (Male) |
| 20:22 | Construir | Farm |
| 20:23 | Construir | Farm |
| 20:32 | Construir | Farm |
| 20:33 | Construir | Farm |
| 20:35 | Crear | Villager (Male) |
| 20:37 | Crear | Villager (Male) |
| 20:48 | Construir | Farm |
| 20:49 | Construir | Farm |
| 20:52 | Construir | Farm |
| 20:54 | Construir | Farm |
| 20:55 | Crear | Villager (Male) |
| 20:56 | Crear | Villager (Male) |
| 21:02 | Construir | Farm |
| 21:03 | Construir | Farm |
| 21:19 | Construir | Barracks |
| 21:25 | Crear | Villager (Male) |
| 21:35 | Construir | Farm |
| 21:37 | Construir | Farm |
| 21:38 | Construir | Farm |
| 21:40 | Construir | Farm |
| 21:41 | Construir | Farm |
| 21:44 | Construir | Farm |
| 21:45 | Construir | Farm |
| 21:46 | Construir | Farm |
| 21:48 | Crear | Villager (Male) |
| 21:48 | Crear | Villager (Male) |
| 21:50 | Crear | Villager (Male) |
| 21:50 | Crear | Villager (Male) |
| 21:55 | Crear | Villager (Male) |
| 22:12 | Crear | Villager (Male) |
| 22:30 | Construir | Barracks |
| 22:35 | Crear | Villager (Male) |
| 22:38 | Crear | Villager (Male) |
| 22:40 | Crear | Villager (Male) |
| 22:56 | Construir | Farm |
| 22:59 | Construir | Farm |
| 23:01 | Construir | Farm |
| 23:02 | Construir | Farm |
| 23:04 | Construir | Farm |
| 23:05 | Construir | Farm |
| 23:08 | Construir | Farm |
| 23:11 | Construir | Mill |
| 23:15 | Crear | Villager (Male) |
| 23:16 | Crear | Villager (Male) |
| 23:20 | Crear | Villager (Male) |
| 23:21 | Crear | Villager (Male) |
| 23:24 | Crear | Villager (Male) |
| 23:24 | Crear | Villager (Male) |
| 23:26 | Crear | Villager (Male) |
| 23:27 | Crear | Villager (Male) |
| 23:34 | Construir | University |
| 23:42 | Investigar | Pikeman (upgrade) |
| 23:50 | Crear | Villager (Male) |
| 23:52 | Crear | Villager (Male) |
| 23:53 | Crear | Villager (Male) |
| 23:56 | Crear | Villager (Male) |
| 24:03 | Construir | Farm |
| 24:04 | Construir | Farm |
| 24:14 | Construir | Farm |
| 24:14 | Construir | Farm |
| 24:19 | Crear | Villager (Male) |
| 24:26 | Construir | Farm |
Build order — Macho
Primeras 150 de 1060 acciones detectadas
| 0:03 | Investigar | Loom |
| 0:03 | Crear | Villager (Male) |
| 0:04 | Crear | Villager (Male) |
| 0:04 | Crear | Villager (Male) |
| 0:05 | Construir | House |
| 0:11 | Construir | House |
| 2:07 | Crear | Villager (Male) |
| 2:07 | Crear | Villager (Male) |
| 2:07 | Crear | Villager (Male) |
| 2:53 | Crear | Villager (Male) |
| 3:02 | Crear | Villager (Male) |
| 3:02 | Crear | Villager (Male) |
| 3:03 | Crear | Villager (Male) |
| 3:14 | Construir | House |
| 3:39 | Construir | Lumber Camp |
| 3:47 | Crear | Villager (Male) |
| 3:48 | Crear | Villager (Male) |
| 4:35 | Construir | Mill |
| 5:05 | Crear | Villager (Male) |
| 5:06 | Crear | Villager (Male) |
| 5:06 | Crear | Villager (Male) |
| 5:23 | Construir | House |
| 5:24 | Construir | House |
| 5:58 | Crear | Villager (Male) |
| 5:58 | Crear | Villager (Male) |
| 6:36 | Crear | Villager (Male) |
| 7:18 | Crear | Villager (Male) |
| 7:18 | Crear | Villager (Male) |
| 7:19 | Crear | Villager (Male) |
| 8:06 | Construir | Mining Camp |
| 8:09 | Construir | Farm |
| 8:52 | Investigar | Feudal Age |
| 8:58 | Construir | Farm |
| 9:19 | Crear | Villager (Male) |
| 9:22 | Crear | Villager (Male) |
| 11:02 | Edad | Edad Feudal |
| 11:16 | Crear | Villager (Male) |
| 11:19 | Construir | Market |
| 11:20 | Construir | Blacksmith |
| 12:21 | Investigar | Castle Age |
| 12:25 | Investigar | Double-Bit Axe |
| 12:47 | Construir | House |
| 12:51 | Construir | House |
| 12:58 | Investigar | Horse Collar |
| 15:01 | Edad | Edad de los Castillos |
| 15:05 | Construir | Town Center |
| 15:15 | Construir | Town Center |
| 15:20 | Crear | Villager (Male) |
| 15:21 | Investigar | Heavy Plow |
| 15:22 | Investigar | Bow Saw |
| 15:24 | Crear | Villager (Male) |
| 16:26 | Crear | Villager (Male) |
| 16:26 | Crear | Villager (Male) |
| 16:36 | Crear | Villager (Male) |
| 16:36 | Crear | Villager (Male) |
| 16:40 | Construir | Farm |
| 16:41 | Construir | Farm |
| 16:44 | Construir | Farm |
| 16:46 | Construir | Farm |
| 16:48 | Construir | Farm |
| 16:50 | Crear | Villager (Male) |
| 16:55 | Construir | Farm |
| 16:57 | Construir | Farm |
| 16:59 | Construir | Farm |
| 17:05 | Crear | Villager (Male) |
| 17:14 | Construir | Farm |
| 17:18 | Construir | Farm |
| 17:23 | Construir | Farm |
| 17:27 | Crear | Villager (Male) |
| 17:35 | Construir | Farm |
| 17:42 | Construir | Farm |
| 17:44 | Crear | Villager (Male) |
| 17:54 | Crear | Villager (Male) |
| 17:55 | Crear | Villager (Male) |
| 17:55 | Crear | Villager (Male) |
| 17:59 | Construir | Farm |
| 18:02 | Construir | Farm |
| 18:04 | Construir | Farm |
| 18:16 | Crear | Villager (Male) |
| 18:24 | Construir | Farm |
| 18:25 | Crear | Villager (Male) |
| 18:27 | Construir | Farm |
| 18:28 | Crear | Villager (Male) |
| 18:35 | Construir | Farm |
| 18:43 | Construir | Farm |
| 18:51 | Construir | Farm |
| 19:00 | Construir | Farm |
| 19:01 | Crear | Villager (Male) |
| 19:01 | Crear | Villager (Male) |
| 19:01 | Crear | Villager (Male) |
| 19:05 | Crear | Villager (Male) |
| 19:34 | Crear | Villager (Male) |
| 19:35 | Crear | Villager (Male) |
| 19:35 | Crear | Villager (Male) |
| 19:35 | Crear | Villager (Male) |
| 19:37 | Construir | Farm |
| 19:42 | Construir | Farm |
| 19:45 | Construir | Farm |
| 19:51 | Crear | Villager (Male) |
| 19:54 | Crear | Villager (Male) |
| 19:56 | Construir | House |
| 19:56 | Construir | House |
| 19:57 | Construir | House |
| 20:06 | Construir | House |
| 20:12 | Investigar | Wheelbarrow |
| 20:17 | Crear | Villager (Male) |
| 20:29 | Construir | Town Center |
| 20:33 | Crear | Villager (Male) |
| 20:33 | Crear | Villager (Male) |
| 20:42 | Construir | House |
| 20:43 | Construir | House |
| 20:48 | Construir | House |
| 20:49 | Construir | House |
| 21:27 | Crear | Villager (Male) |
| 21:27 | Crear | Villager (Male) |
| 21:27 | Crear | Villager (Male) |
| 21:28 | Crear | Villager (Male) |
| 21:28 | Crear | Villager (Male) |
| 21:28 | Crear | Villager (Male) |
| 21:28 | Crear | Villager (Male) |
| 21:29 | Crear | Villager (Male) |
| 21:29 | Crear | Villager (Male) |
| 21:34 | Crear | Villager (Male) |
| 21:35 | Crear | Villager (Male) |
| 21:35 | Crear | Villager (Male) |
| 21:37 | Crear | Villager (Male) |
| 21:43 | Construir | Town Center |
| 21:47 | Crear | Villager (Male) |
| 21:56 | Construir | Farm |
| 22:05 | Construir | Farm |
| 22:08 | Construir | Farm |
| 22:12 | Construir | Farm |
| 22:16 | Crear | Villager (Male) |
| 22:16 | Crear | Villager (Male) |
| 22:16 | Crear | Villager (Male) |
| 22:17 | Crear | Villager (Male) |
| 22:17 | Crear | Villager (Male) |
| 22:26 | Investigar | Gold Mining |
| 22:28 | Crear | Villager (Male) |
| 23:30 | Crear | Villager (Male) |
| 23:30 | Crear | Villager (Male) |
| 23:34 | Investigar | Hand Cart |
| 23:35 | Crear | Villager (Male) |
| 23:35 | Crear | Villager (Male) |
| 23:36 | Investigar | Stone Mining |
| 23:37 | Crear | Villager (Male) |
| 23:37 | Crear | Villager (Male) |
| 23:37 | Crear | Villager (Male) |
| 23:40 | Construir | House |
| 23:40 | Construir | House |
Build order — farewar60
Primeras 150 de 607 acciones detectadas
| 0:01 | Crear | Villager (Male) ×5 |
| 0:04 | Construir | House |
| 0:20 | Construir | House |
| 1:12 | Construir | House |
| 1:13 | Construir | House |
| 1:33 | Crear | Villager (Male) |
| 2:02 | Construir | Mill |
| 2:10 | Crear | Villager (Male) |
| 2:54 | Crear | Villager (Male) |
| 2:55 | Crear | Villager (Male) |
| 3:10 | Crear | Villager (Male) ×2 |
| 3:50 | Crear | Villager (Male) ×2 |
| 4:07 | Crear | Villager (Male) |
| 4:52 | Crear | Villager (Male) ×3 |
| 5:49 | Crear | Villager (Male) ×4 |
| 6:08 | Crear | Villager (Male) |
| 6:22 | Construir | Lumber Camp |
| 6:32 | Construir | Lumber Camp |
| 6:51 | Construir | House |
| 6:56 | Construir | House |
| 7:20 | Construir | Mining Camp |
| 7:48 | Crear | Villager (Male) |
| 8:00 | Construir | Mill |
| 8:37 | Investigar | Feudal Age |
| 8:54 | Crear | Villager (Male) |
| 8:54 | Crear | Villager (Male) |
| 10:55 | Edad | Edad Feudal |
| 10:57 | Construir | Market |
| 10:59 | Construir | Blacksmith |
| 11:16 | Construir | Lumber Camp |
| 11:36 | Investigar | Castle Age |
| 11:48 | Investigar | Double-Bit Axe |
| 11:48 | Investigar | Double-Bit Axe |
| 12:31 | Investigar | Horse Collar |
| 12:35 | Construir | Farm |
| 12:51 | Construir | Farm |
| 12:52 | Construir | Farm |
| 12:52 | Construir | Farm |
| 12:59 | Construir | Farm |
| 13:15 | Crear | Villager (Male) |
| 13:16 | Crear | Villager (Male) |
| 14:06 | Edad | Edad de los Castillos |
| 14:11 | Construir | Monastery |
| 14:27 | Construir | Town Center |
| 14:29 | Crear | Villager (Male) |
| 14:36 | Investigar | Bow Saw |
| 14:42 | Crear | Monk |
| 14:42 | Crear | Monk |
| 15:15 | Construir | House |
| 15:33 | Construir | House |
| 15:50 | Crear | Villager (Male) |
| 15:52 | Crear | Villager (Male) |
| 15:59 | Construir | Town Center |
| 16:05 | Crear | Villager (Male) |
| 16:05 | Crear | Villager (Male) |
| 16:05 | Crear | Villager (Male) |
| 16:20 | Construir | House |
| 16:22 | Construir | House |
| 16:27 | Crear | Monk |
| 16:41 | Crear | Villager (Male) |
| 16:41 | Crear | Villager (Male) |
| 16:50 | Construir | Farm |
| 16:50 | Construir | Farm |
| 16:51 | Construir | Farm |
| 17:01 | Crear | Villager (Male) |
| 17:01 | Crear | Villager (Male) |
| 17:08 | Construir | Farm |
| 17:27 | Construir | House |
| 17:30 | Construir | House |
| 17:52 | Investigar | Wheelbarrow |
| 17:53 | Crear | Villager (Male) |
| 17:53 | Crear | Villager (Male) |
| 17:53 | Crear | Villager (Male) |
| 18:00 | Construir | Farm |
| 18:00 | Construir | Farm |
| 18:00 | Construir | Farm |
| 18:01 | Construir | Farm |
| 18:09 | Construir | Farm |
| 18:20 | Construir | Mining Camp |
| 18:41 | Crear | Villager (Male) |
| 18:41 | Crear | Villager (Male) |
| 18:42 | Crear | Villager (Male) |
| 18:43 | Crear | Villager (Male) |
| 18:57 | Construir | Farm |
| 18:57 | Construir | Farm |
| 18:57 | Construir | Farm |
| 19:01 | Crear | Villager (Male) |
| 19:10 | Crear | Villager (Male) |
| 19:10 | Crear | Villager (Male) |
| 19:16 | Construir | Farm |
| 19:45 | Investigar | Fervor |
| 19:46 | Crear | Villager (Male) |
| 19:47 | Crear | Villager (Male) |
| 19:47 | Crear | Villager (Male) |
| 19:50 | Construir | Farm |
| 19:50 | Construir | Farm |
| 19:51 | Construir | Farm |
| 20:00 | Construir | House |
| 20:02 | Construir | House |
| 20:04 | Construir | House |
| 20:06 | Construir | House |
| 20:07 | Construir | House |
| 20:11 | Crear | Villager (Male) |
| 20:11 | Crear | Villager (Male) |
| 20:12 | Crear | Villager (Male) |
| 20:17 | Construir | Farm |
| 20:17 | Construir | Farm |
| 20:17 | Construir | Farm |
| 20:20 | Construir | Farm |
| 20:22 | Construir | Farm |
| 20:25 | Crear | Villager (Male) |
| 20:25 | Crear | Villager (Male) |
| 20:25 | Crear | Villager (Male) |
| 20:26 | Crear | Villager (Male) |
| 20:37 | Crear | Villager (Male) |
| 20:37 | Crear | Villager (Male) |
| 20:47 | Crear | Villager (Male) |
| 20:47 | Crear | Villager (Male) |
| 20:53 | Construir | Lumber Camp |
| 21:01 | Crear | Villager (Male) ×2 |
| 21:01 | Crear | Villager (Male) ×2 |
| 21:03 | Crear | Villager (Male) |
| 21:24 | Construir | Town Center |
| 21:29 | Crear | Villager (Male) ×3 |
| 21:30 | Crear | Villager (Male) |
| 21:30 | Crear | Villager (Male) |
| 21:43 | Crear | Villager (Male) |
| 21:43 | Crear | Villager (Male) |
| 21:48 | Construir | Mill |
| 21:48 | Construir | Farm |
| 21:49 | Construir | Farm |
| 21:49 | Construir | Farm |
| 21:49 | Construir | Farm |
| 21:49 | Construir | Farm |
| 21:56 | Crear | Villager (Male) |
| 21:56 | Crear | Villager (Male) |
| 22:25 | Crear | Villager (Male) ×5 |
| 22:27 | Construir | Farm |
| 22:28 | Construir | Farm |
| 22:28 | Construir | Farm |
| 22:30 | Construir | Farm |
| 22:35 | Construir | House |
| 22:36 | Construir | House |
| 22:41 | Crear | Villager (Male) |
| 22:41 | Crear | Villager (Male) |
| 22:49 | Investigar | Loom |
| 22:51 | Crear | Villager (Male) ×3 |
| 22:51 | Crear | Villager (Male) ×3 |
| 22:53 | Construir | Farm |
| 22:53 | Construir | Farm |
Build order —
Primeras 150 de 1132 acciones detectadas
| 0:00 | Construir | House |
| 0:01 | Construir | House |
| 0:03 | Construir | House |
| 1:42 | Construir | Lumber Camp |
| 3:46 | Construir | House |
| 4:12 | Construir | Mill |
| 4:52 | Construir | Lumber Camp |
| 5:51 | Investigar | Tech None |
| 5:51 | Construir | House |
| 6:42 | Construir | Mining Camp |
| 7:08 | Construir | Farm |
| 8:21 | Construir | House |
| 8:42 | Construir | Farm |
| 8:45 | Construir | Farm |
| 8:47 | Construir | Farm |
| 9:25 | Investigar | Tech None |
| 9:50 | Construir | Farm |
| 9:50 | Construir | Farm |
| 9:51 | Construir | Farm |
| 11:32 | Construir | Farm |
| 11:46 | Construir | Market |
| 11:47 | Investigar | Tech None |
| 11:47 | Construir | Blacksmith |
| 11:51 | Investigar | Tech None |
| 11:55 | Construir | House |
| 12:12 | Construir | Farm |
| 12:31 | Investigar | Tech None |
| 12:36 | Investigar | Tech None |
| 14:42 | Construir | Farm |
| 15:17 | Investigar | Tech None |
| 15:17 | Construir | Town Center |
| 15:18 | Investigar | Tech None |
| 15:18 | Construir | Town Center |
| 15:23 | Investigar | Tech None |
| 15:27 | Construir | House |
| 15:31 | Construir | House |
| 16:03 | Construir | House |
| 16:04 | Construir | Farm |
| 16:19 | Construir | Monastery |
| 16:19 | Construir | Market |
| 16:46 | Construir | Farm |
| 16:59 | Construir | Farm |
| 17:00 | Construir | Farm |
| 17:05 | Crear | Monk |
| 17:22 | Construir | Lumber Camp |
| 17:30 | Construir | Farm |
| 17:46 | Construir | Farm |
| 17:49 | Construir | Farm |
| 18:05 | Construir | Farm |
| 18:12 | Construir | Farm |
| 18:14 | Construir | Farm |
| 18:36 | Construir | Farm |
| 18:39 | Construir | Farm |
| 18:59 | Construir | Barracks |
| 19:01 | Construir | House |
| 19:11 | Construir | House |
| 19:14 | Crear | Monk |
| 19:38 | Construir | Farm |
| 19:42 | Construir | Farm |
| 19:50 | Construir | Farm |
| 19:51 | Investigar | Tech None |
| 19:55 | Construir | Farm |
| 20:05 | Construir | Farm |
| 20:09 | Construir | Farm |
| 20:18 | Construir | Lumber Camp |
| 20:19 | Construir | House |
| 20:20 | Construir | House |
| 20:29 | Construir | Farm |
| 21:01 | Construir | Siege Workshop |
| 21:06 | Construir | Farm |
| 21:13 | Construir | Farm |
| 21:16 | Construir | Farm |
| 21:20 | Construir | Farm |
| 21:27 | Construir | Farm |
| 21:33 | Construir | Farm |
| 21:36 | Construir | Farm |
| 21:38 | Construir | House |
| 21:41 | Construir | House |
| 21:46 | Construir | Mining Camp |
| 21:58 | Construir | Farm |
| 22:03 | Construir | Farm |
| 22:06 | Construir | House |
| 22:13 | Construir | Lumber Camp |
| 22:18 | Investigar | Tech None |
| 22:23 | Investigar | Tech None |
| 22:23 | Construir | House |
| 22:28 | Investigar | Tech None |
| 22:33 | Construir | Mining Camp |
| 22:41 | Construir | Mill |
| 22:58 | Investigar | Tech None |
| 23:07 | Construir | University |
| 23:07 | Investigar | Tech None |
| 23:16 | Construir | Stable |
| 23:24 | Construir | Farm |
| 23:24 | Construir | Farm |
| 23:25 | Construir | Farm |
| 23:36 | Construir | Barracks |
| 23:44 | Construir | Farm |
| 23:57 | Construir | University |
| 23:57 | Construir | Market |
| 24:11 | Construir | Farm |
| 24:32 | Construir | House |
| 24:32 | Construir | House |
| 24:33 | Construir | House |
| 24:33 | Construir | House |
| 24:37 | Construir | Barracks |
| 24:51 | Construir | Castle |
| 24:57 | Construir | Farm |
| 25:12 | Construir | Market |
| 25:22 | Construir | Farm |
| 25:34 | Investigar | Tech None |
| 25:34 | Construir | House |
| 25:34 | Construir | House |
| 25:35 | Construir | House |
| 25:35 | Construir | House |
| 25:36 | Construir | House |
| 25:47 | Investigar | Tech None |
| 25:48 | Construir | Barracks |
| 26:06 | Investigar | Tech None |
| 26:06 | Construir | Lumber Camp |
| 26:10 | Construir | Farm |
| 26:20 | Investigar | Tech None |
| 26:24 | Construir | Farm |
| 26:24 | Construir | Farm |
| 26:25 | Construir | Farm |
| 26:29 | Construir | Farm |
| 26:44 | Construir | Farm |
| 26:49 | Construir | Farm |
| 26:50 | Construir | Castle |
| 26:50 | Construir | Farm |
| 26:56 | Construir | Farm |
| 27:07 | Construir | Farm |
| 27:09 | Construir | Farm |
| 27:26 | Construir | Mill |
| 27:33 | Investigar | Tech None |
| 27:35 | Investigar | Tech None |
| 27:43 | Construir | Market |
| 27:43 | Construir | Barracks |
| 27:51 | Investigar | Tech None |
| 28:07 | Construir | Barracks |
| 28:15 | Crear | Cataphract |
| 28:15 | Crear | Cataphract |
| 28:15 | Crear | Cataphract |
| 28:29 | Construir | Barracks |
| 28:41 | Construir | Barracks |
| 28:42 | Investigar | Tech None |
| 28:52 | Crear | Cataphract |
| 28:52 | Crear | Cataphract |
| 28:54 | Construir | Market |
| 28:56 | Crear | Cataphract |
Build order —
Primeras 150 de 1534 acciones detectadas
| 0:00 | Construir | House |
| 0:00 | Construir | House |
| 0:03 | Construir | House |
| 1:42 | Construir | Lumber Camp |
| 3:46 | Construir | House |
| 4:01 | Construir | Mill |
| 4:21 | Construir | Lumber Camp |
| 5:51 | Investigar | Tech None |
| 5:51 | Construir | House |
| 6:22 | Construir | Farm |
| 6:31 | Construir | Farm |
| 6:57 | Construir | Mining Camp |
| 8:21 | Construir | House |
| 9:34 | Investigar | Tech None |
| 11:46 | Construir | Market |
| 11:47 | Investigar | Tech None |
| 11:47 | Construir | Blacksmith |
| 11:48 | Construir | House |
| 11:52 | Investigar | Tech None |
| 12:37 | Investigar | Tech None |
| 12:55 | Construir | Farm |
| 12:56 | Construir | Farm |
| 12:57 | Construir | Farm |
| 13:39 | Construir | Farm |
| 13:52 | Construir | Farm |
| 13:52 | Construir | Farm |
| 13:53 | Construir | Farm |
| 15:05 | Construir | Farm |
| 15:18 | Investigar | Tech None |
| 15:18 | Construir | Town Center |
| 15:18 | Investigar | Tech None |
| 15:18 | Construir | Town Center |
| 15:35 | Investigar | Tech None |
| 15:38 | Construir | House |
| 15:43 | Construir | House |
| 15:43 | Construir | House |
| 16:01 | Investigar | Tech None |
| 16:08 | Construir | House |
| 16:25 | Construir | Farm |
| 17:16 | Construir | Market |
| 17:16 | Construir | Monastery |
| 17:43 | Construir | Monastery |
| 18:09 | Construir | Barracks |
| 18:28 | Construir | Farm |
| 18:34 | Construir | Farm |
| 18:36 | Crear | Monk |
| 18:52 | Construir | Farm |
| 19:03 | Construir | Farm |
| 19:03 | Construir | House |
| 19:03 | Construir | House |
| 19:04 | Construir | Farm |
| 19:16 | Crear | Spearman |
| 19:23 | Construir | Farm |
| 19:24 | Construir | Farm |
| 19:39 | Construir | Farm |
| 19:40 | Construir | Farm |
| 19:41 | Construir | Farm |
| 19:54 | Construir | Farm |
| 19:57 | Construir | Farm |
| 20:06 | Construir | Farm |
| 20:08 | Construir | House |
| 20:11 | Construir | House |
| 20:18 | Construir | Farm |
| 20:21 | Construir | Farm |
| 20:33 | Construir | Farm |
| 20:35 | Construir | Farm |
| 20:39 | Crear | Monk |
| 20:43 | Construir | Farm |
| 20:46 | Construir | House |
| 20:51 | Construir | Lumber Camp |
| 21:05 | Construir | Farm |
| 21:17 | Construir | Stable |
| 21:24 | Construir | Farm |
| 21:43 | Construir | House |
| 21:45 | Construir | House |
| 21:48 | Construir | Farm |
| 21:54 | Investigar | Tech None |
| 21:54 | Construir | Farm |
| 22:00 | Construir | Mill |
| 22:12 | Construir | Farm |
| 22:13 | Construir | House |
| 22:22 | Construir | Archery Range |
| 22:37 | Construir | Farm |
| 22:42 | Construir | Archery Range |
| 23:03 | Construir | Farm |
| 23:14 | Construir | Siege Workshop |
| 23:16 | Construir | Farm |
| 23:25 | Crear | Cavalry Archer |
| 23:25 | Crear | Cavalry Archer |
| 23:25 | Investigar | Tech None |
| 23:33 | Investigar | Tech None |
| 23:33 | Crear | Skirmisher |
| 23:39 | Construir | Farm |
| 23:50 | Construir | House |
| 23:51 | Construir | House |
| 23:51 | Construir | House |
| 23:52 | Construir | Farm |
| 23:53 | Construir | Mining Camp |
| 24:03 | Construir | Farm |
| 24:15 | Investigar | Tech None |
| 24:15 | Construir | House |
| 24:17 | Construir | Farm |
| 24:20 | Crear | Skirmisher |
| 24:21 | Construir | Mill |
| 24:28 | Investigar | Tech None |
| 24:28 | Construir | House |
| 24:29 | Construir | House |
| 24:29 | Construir | House |
| 24:31 | Crear | Battering Ram |
| 24:32 | Crear | Battering Ram |
| 24:40 | Investigar | Tech None |
| 24:52 | Construir | Lumber Camp |
| 24:54 | Construir | House |
| 24:56 | Construir | House |
| 25:07 | Construir | House |
| 25:12 | Construir | University |
| 25:25 | Construir | Barracks |
| 25:29 | Investigar | Tech None |
| 25:46 | Crear | Battering Ram |
| 25:46 | Construir | Barracks |
| 26:07 | Construir | Barracks |
| 26:32 | Construir | Barracks |
| 26:41 | Construir | Archery Range |
| 26:55 | Construir | Archery Range |
| 27:10 | Construir | Archery Range |
| 27:12 | Construir | House |
| 27:13 | Construir | House |
| 27:13 | Construir | House |
| 27:14 | Construir | House |
| 27:27 | Construir | Archery Range |
| 27:28 | Construir | Market |
| 27:36 | Construir | Siege Workshop |
| 27:38 | Investigar | Tech None |
| 27:39 | Crear | Cavalry Archer |
| 27:39 | Crear | Scout Cavalry |
| 27:40 | Crear | Scout Cavalry |
| 27:51 | Construir | Archery Range |
| 27:57 | Construir | Lumber Camp |
| 27:59 | Crear | Cavalry Archer |
| 27:59 | Crear | Cavalry Archer |
| 28:00 | Investigar | Tech None |
| 28:00 | Investigar | Tech None |
| 28:02 | Crear | Cavalry Archer |
| 28:02 | Crear | Cavalry Archer |
| 28:02 | Crear | Cavalry Archer |
| 28:02 | Crear | Cavalry Archer |
| 28:05 | Construir | Stable |
| 28:11 | Crear | Cavalry Archer |
| 28:11 | Crear | Cavalry Archer |
| 28:19 | Construir | Stable |
Build order —
Primeras 150 de 1983 acciones detectadas
| 0:00 | Construir | House |
| 0:00 | Construir | House |
| 0:03 | Construir | House |
| 1:42 | Construir | Lumber Camp |
| 3:31 | Investigar | Tech None |
| 3:46 | Construir | House |
| 4:11 | Construir | Mill |
| 4:46 | Construir | Lumber Camp |
| 5:13 | Investigar | Tech None |
| 5:51 | Investigar | Tech None |
| 5:51 | Construir | House |
| 7:02 | Construir | Mining Camp |
| 8:21 | Construir | House |
| 9:14 | Construir | Farm |
| 9:15 | Construir | Farm |
| 9:16 | Construir | Farm |
| 9:17 | Construir | Farm |
| 9:35 | Investigar | Tech None |
| 10:24 | Construir | Farm |
| 10:24 | Construir | Farm |
| 10:25 | Construir | Farm |
| 11:40 | Investigar | Tech None |
| 11:46 | Construir | Market |
| 11:47 | Construir | Blacksmith |
| 11:48 | Construir | Farm |
| 11:52 | Construir | House |
| 12:16 | Construir | Farm |
| 12:37 | Investigar | Tech None |
| 12:56 | Investigar | Tech None |
| 13:19 | Investigar | Tech None |
| 14:00 | Construir | Farm |
| 14:00 | Construir | Farm |
| 15:18 | Investigar | Tech None |
| 15:18 | Investigar | Tech None |
| 15:18 | Construir | Town Center |
| 15:20 | Construir | House |
| 15:41 | Construir | Town Center |
| 15:44 | Construir | House |
| 15:49 | Construir | House |
| 16:02 | Construir | Farm |
| 16:19 | Construir | Farm |
| 16:53 | Construir | Monastery |
| 17:06 | Construir | Farm |
| 17:23 | Construir | Farm |
| 17:42 | Construir | Farm |
| 17:48 | Construir | Farm |
| 18:08 | Construir | Farm |
| 18:13 | Construir | Farm |
| 18:32 | Construir | Lumber Camp |
| 18:33 | Construir | Farm |
| 18:38 | Construir | Farm |
| 18:45 | Construir | Farm |
| 18:58 | Construir | Farm |
| 19:03 | Construir | Farm |
| 19:40 | Construir | Town Center |
| 20:00 | Construir | Siege Workshop |
| 20:25 | Construir | House |
| 20:27 | Construir | House |
| 20:35 | Construir | Farm |
| 20:38 | Investigar | Tech None |
| 20:39 | Investigar | Tech None |
| 20:42 | Construir | Farm |
| 20:49 | Construir | Farm |
| 20:51 | Construir | House |
| 21:00 | Construir | Farm |
| 21:06 | Construir | Farm |
| 21:11 | Construir | Farm |
| 21:29 | Construir | Barracks |
| 21:33 | Construir | Farm |
| 21:49 | Investigar | Tech None |
| 21:59 | Construir | Farm |
| 22:00 | Construir | House |
| 22:02 | Construir | House |
| 22:05 | Construir | Farm |
| 22:07 | Construir | Farm |
| 22:09 | Construir | Farm |
| 22:19 | Construir | Mining Camp |
| 22:24 | Construir | Farm |
| 22:31 | Construir | House |
| 22:35 | Construir | House |
| 22:39 | Construir | Farm |
| 22:41 | Construir | Lumber Camp |
| 22:48 | Construir | Farm |
| 22:56 | Construir | Farm |
| 23:10 | Construir | Farm |
| 23:13 | Investigar | Tech None |
| 23:13 | Construir | Farm |
| 23:14 | Investigar | Tech None |
| 23:14 | Construir | House |
| 23:27 | Construir | Stable |
| 23:40 | Construir | House |
| 23:46 | Investigar | Tech None |
| 23:49 | Construir | Farm |
| 23:59 | Construir | Barracks |
| 24:07 | Construir | Farm |
| 24:12 | Construir | Farm |
| 24:21 | Construir | Barracks |
| 24:31 | Construir | Farm |
| 24:38 | Construir | Mill |
| 24:46 | Construir | Farm |
| 24:46 | Construir | Market |
| 24:54 | Construir | Barracks |
| 24:56 | Construir | House |
| 24:58 | Construir | House |
| 25:03 | Construir | Farm |
| 25:04 | Construir | Farm |
| 25:10 | Investigar | Tech None |
| 25:17 | Construir | Castle |
| 25:21 | Construir | Mining Camp |
| 25:21 | Investigar | Tech None |
| 25:34 | Construir | Market |
| 25:36 | Construir | University |
| 25:50 | Construir | Barracks |
| 25:58 | Construir | Barracks |
| 26:10 | Construir | House |
| 26:11 | Construir | House |
| 26:13 | Construir | Barracks |
| 26:13 | Construir | Market |
| 26:18 | Construir | Siege Workshop |
| 26:24 | Construir | House |
| 26:31 | Construir | Barracks |
| 26:32 | Investigar | Tech None |
| 26:38 | Investigar | Tech None |
| 26:39 | Construir | Castle |
| 26:40 | Construir | Mining Camp |
| 26:43 | Investigar | Tech None |
| 26:46 | Construir | Lumber Camp |
| 26:50 | Construir | Market |
| 26:50 | Construir | Stable |
| 26:52 | Construir | Stable |
| 26:59 | Construir | Stable |
| 27:07 | Construir | Farm |
| 27:15 | Construir | Farm |
| 27:15 | Construir | Farm |
| 27:16 | Construir | Farm |
| 27:16 | Construir | Farm |
| 27:21 | Construir | Farm |
| 27:23 | Construir | Farm |
| 27:23 | Construir | Farm |
| 27:29 | Construir | Stable |
| 27:29 | Construir | Market |
| 27:33 | Construir | Farm |
| 27:46 | Investigar | Tech None |
| 27:47 | Investigar | Tech None |
| 27:50 | Construir | Farm |
| 27:51 | Construir | Farm |
| 27:51 | Construir | Mill |
| 27:51 | Construir | Mill |
| 27:56 | Construir | Market |
| 28:00 | Construir | Farm |
Build order —
Primeras 150 de 1699 acciones detectadas
| 0:00 | Construir | House |
| 0:00 | Construir | House |
| 0:03 | Construir | House |
| 1:42 | Construir | Lumber Camp |
| 3:46 | Construir | House |
| 4:11 | Construir | Mill |
| 4:20 | Construir | Lumber Camp |
| 5:51 | Investigar | Tech None |
| 5:51 | Construir | House |
| 7:04 | Construir | Mining Camp |
| 8:21 | Construir | House |
| 8:54 | Construir | Farm |
| 8:55 | Construir | Farm |
| 8:56 | Construir | Farm |
| 8:57 | Construir | Farm |
| 9:35 | Investigar | Tech None |
| 10:09 | Construir | Farm |
| 10:17 | Construir | Farm |
| 10:36 | Construir | Farm |
| 10:59 | Construir | Farm |
| 11:46 | Construir | Market |
| 11:47 | Investigar | Tech None |
| 11:47 | Construir | Blacksmith |
| 11:48 | Construir | House |
| 11:48 | Investigar | Tech None |
| 12:37 | Investigar | Tech None |
| 12:37 | Construir | Farm |
| 15:18 | Investigar | Tech None |
| 15:18 | Construir | Town Center |
| 15:18 | Investigar | Tech None |
| 15:18 | Construir | Town Center |
| 15:19 | Construir | House |
| 15:32 | Construir | House |
| 15:52 | Construir | House |
| 15:59 | Investigar | Tech None |
| 16:43 | Construir | Monastery |
| 16:43 | Construir | Market |
| 17:34 | Construir | Town Center |
| 18:16 | Construir | Farm |
| 18:35 | Construir | Farm |
| 18:41 | Investigar | Tech None |
| 18:41 | Construir | Farm |
| 18:41 | Construir | Farm |
| 18:42 | Construir | Farm |
| 18:47 | Construir | Farm |
| 18:56 | Construir | Farm |
| 18:59 | Construir | Castle |
| 19:05 | Construir | Farm |
| 19:11 | Construir | Farm |
| 19:19 | Construir | Farm |
| 19:23 | Construir | Farm |
| 19:33 | Construir | House |
| 19:36 | Construir | House |
| 19:43 | Construir | Farm |
| 19:51 | Construir | Farm |
| 19:58 | Construir | Farm |
| 20:06 | Construir | Farm |
| 20:15 | Construir | Farm |
| 20:22 | Construir | Farm |
| 20:30 | Construir | Farm |
| 20:38 | Construir | Farm |
| 20:44 | Construir | Farm |
| 20:50 | Construir | Farm |
| 20:56 | Construir | Farm |
| 21:04 | Construir | Farm |
| 21:31 | Construir | Farm |
| 21:33 | Construir | Farm |
| 21:35 | Construir | Farm |
| 21:37 | Investigar | Tech None |
| 21:38 | Construir | Farm |
| 21:49 | Construir | Farm |
| 21:57 | Construir | Farm |
| 21:58 | Construir | Farm |
| 22:01 | Construir | Farm |
| 22:10 | Construir | Farm |
| 22:14 | Construir | Lumber Camp |
| 22:15 | Construir | House |
| 22:17 | Construir | House |
| 22:19 | Investigar | Tech None |
| 22:24 | Construir | Mining Camp |
| 22:30 | Construir | Farm |
| 22:45 | Construir | Farm |
| 22:45 | Construir | House |
| 22:55 | Construir | Barracks |
| 22:59 | Construir | Farm |
| 23:07 | Investigar | Tech None |
| 23:09 | Construir | Farm |
| 23:10 | Construir | Farm |
| 23:11 | Construir | House |
| 23:14 | Investigar | Tech None |
| 23:22 | Construir | Mining Camp |
| 23:25 | Construir | House |
| 23:26 | Construir | House |
| 23:28 | Construir | Farm |
| 23:33 | Construir | Mill |
| 23:35 | Construir | Farm |
| 23:48 | Construir | Farm |
| 23:50 | Investigar | Tech None |
| 23:56 | Construir | Stable |
| 24:00 | Investigar | Tech None |
| 24:01 | Construir | Farm |
| 24:09 | Construir | Farm |
| 24:13 | Construir | Farm |
| 24:21 | Construir | Archery Range |
| 24:25 | Construir | Farm |
| 24:38 | Construir | Farm |
| 24:39 | Construir | House |
| 24:40 | Construir | House |
| 24:45 | Investigar | Tech None |
| 24:50 | Construir | Farm |
| 24:53 | Construir | Mill |
| 24:57 | Construir | Mill |
| 24:58 | Investigar | Tech None |
| 24:58 | Construir | House |
| 25:06 | Construir | Mining Camp |
| 25:11 | Investigar | Tech None |
| 25:17 | Construir | Mill |
| 25:29 | Construir | Barracks |
| 25:36 | Investigar | Tech None |
| 25:36 | Construir | Barracks |
| 25:46 | Construir | Barracks |
| 25:54 | Construir | House |
| 25:55 | Construir | House |
| 26:14 | Construir | Lumber Camp |
| 26:20 | Construir | House |
| 26:24 | Construir | Barracks |
| 26:30 | Construir | Market |
| 26:37 | Construir | Barracks |
| 26:43 | Construir | House |
| 26:43 | Construir | House |
| 26:44 | Construir | House |
| 26:51 | Investigar | Tech None |
| 27:02 | Construir | Farm |
| 27:02 | Construir | Farm |
| 27:07 | Construir | Archery Range |
| 27:09 | Construir | Farm |
| 27:14 | Construir | Farm |
| 27:16 | Construir | House |
| 27:21 | Investigar | Tech None |
| 27:25 | Construir | Castle |
| 27:38 | Construir | Archery Range |
| 27:38 | Construir | Market |
| 27:47 | Construir | Farm |
| 27:57 | Construir | Archery Range |
| 27:59 | Construir | House |
| 28:00 | Construir | House |
| 28:09 | Construir | House |
| 28:13 | Construir | Archery Range |
| 28:20 | Construir | Archery Range |
| 28:21 | Investigar | Tech None |
Cronología de la partida
| 8:31 | Saladin · wall_segment Palisade Wall x1 |
| 8:34 | Saladin · wall_segment Palisade Wall x1 |
| 8:38 | Saladin · wall_segment Palisade Wall x1 |
| 8:39 | Saladin · wall_segment Palisade Wall x1 |
| 10:37 | Saladin · age_up feudal |
| 10:55 | farewar60 · age_up feudal |
| 11:02 | Macho · age_up feudal |
| 12:11 | 阿拉·佐巴扬 · age_up feudal |
| 13:48 | · first_market_sell 100 food |
| 14:05 | · first_market_sell 100 food |
| 14:06 | farewar60 · age_up castle |
| 14:09 | Saladin · age_up castle |
| 14:11 | farewar60 · first_building Monastery |
| 14:16 | · first_market_sell 100 food |
| 14:38 | · first_market_sell 100 food |
| 15:01 | Macho · age_up castle |
| 16:19 | · first_building Monastery |
| 16:20 | 阿拉·佐巴扬 · age_up castle |
| 16:43 | · first_building Monastery |
| 16:53 | · first_building Monastery |
| 17:16 | · first_building Monastery |
| 18:09 | · first_building Barracks |
| 18:59 | · first_building Castle |
| 18:59 | · first_building Barracks |
| 19:41 | · first_market_buy 100 stone |
| 20:00 | · first_building Siege Workshop |
| 21:01 | · first_building Siege Workshop |
| 21:17 | · first_building Stable |
| 21:19 | 阿拉·佐巴扬 · first_building Barracks |
| 21:29 | · first_building Barracks |
| 22:11 | Saladin · first_building Monastery |
| 22:22 | · first_building Archery Range |
| 22:55 | · first_building Barracks |
| 23:14 | · first_building Siege Workshop |
| 23:16 | · first_building Stable |
| 23:27 | · first_building Stable |
| 23:56 | · first_building Stable |
| 24:21 | · first_building Archery Range |
| 24:51 | · first_building Castle |
| 24:54 | 阿拉·佐巴扬 · first_building Monastery |
| 25:04 | Saladin · first_building Barracks |
| 25:17 | · first_building Castle |
| 25:28 | · first_market_buy 100 stone |
| 25:32 | Saladin · first_building Siege Workshop |
| 26:51 | Saladin · first_building Castle |
| 26:52 | Macho · first_building Siege Workshop |
| 27:41 | Macho · first_building Castle |
| 27:56 | farewar60 · first_building Castle |
| 28:10 | farewar60 · wall_segment Palisade Wall x4 |
| 28:12 | Saladin · age_up imperial |
| 29:09 | Macho · first_building Barracks |
| 29:14 | · first_building Archery Range |
| 29:15 | farewar60 · first_building Barracks |
| 29:17 | · first_building Siege Workshop |
| 29:23 | Saladin · first_market_sell 100 wood |
| 29:35 | · first_building Castle |
| 29:46 | farewar60 · age_up imperial |
| 29:46 | Saladin · wall_segment Palisade Wall x1 |
| 29:50 | Macho · first_building Archery Range |
| 30:08 | · first_building Archery Range |
| 30:35 | 阿拉·佐巴扬 · age_up imperial |
| 32:00 | 阿拉·佐巴扬 · first_building Castle |
| 32:06 | Macho · age_up imperial |
| 33:14 | farewar60 · first_building Stable |
| 33:20 | 阿拉·佐巴扬 · first_market_sell 500 wood |
| 33:29 | 阿拉·佐巴扬 · first_market_buy 500 food |
| 35:01 | farewar60 · first_market_sell 500 wood |
| 36:45 | · first_market_buy 100 wood |
| 37:35 | Macho · first_market_sell 500 wood |
| 41:10 | farewar60 · first_market_buy 100 stone |
| 57:43 | farewar60 · tribute_sent a jugador 1 |
| 57:43 | farewar60 · tribute_sent a jugador 2 |
| 57:43 | farewar60 · tribute_sent a jugador 3 |
| 57:43 | farewar60 · tribute_sent a jugador 5 |
| 57:43 | farewar60 · tribute_sent a jugador 6 |
| 57:43 | farewar60 · tribute_sent a jugador 7 |
| 57:43 | farewar60 · tribute_sent a jugador 8 |
| 57:56 | farewar60 · tribute_sent a jugador 1 |
| 57:56 | farewar60 · tribute_sent a jugador 2 |
| 57:56 | farewar60 · tribute_sent a jugador 3 |
| 57:56 | farewar60 · tribute_sent a jugador 5 |
| 57:56 | farewar60 · tribute_sent a jugador 6 |
| 57:56 | farewar60 · tribute_sent a jugador 7 |
| 57:56 | farewar60 · tribute_sent a jugador 8 |
| 58:15 | Saladin · first_market_buy 100 stone |
| 60:12 | farewar60 · tribute_sent a jugador 1 |
| 60:12 | farewar60 · tribute_sent a jugador 2 |
| 60:12 | farewar60 · tribute_sent a jugador 3 |
| 60:12 | farewar60 · tribute_sent a jugador 5 |
| 60:12 | farewar60 · tribute_sent a jugador 6 |
| 60:12 | farewar60 · tribute_sent a jugador 7 |
| 60:12 | farewar60 · tribute_sent a jugador 8 |
| 62:59 | farewar60 · tribute_sent a jugador 1 |
| 62:59 | farewar60 · tribute_sent a jugador 2 |
| 62:59 | farewar60 · tribute_sent a jugador 3 |
| 62:59 | farewar60 · tribute_sent a jugador 5 |
| 62:59 | farewar60 · tribute_sent a jugador 6 |
| 62:59 | farewar60 · tribute_sent a jugador 7 |
| 62:59 | farewar60 · tribute_sent a jugador 8 |
| 63:10 | 阿拉·佐巴扬 · first_building Stable |
| 63:16 | Macho · tribute_sent a jugador 1 |
| 63:16 | Macho · tribute_sent a jugador 3 |
| 63:16 | Macho · tribute_sent a jugador 4 |
| 63:16 | Macho · tribute_sent a jugador 5 |
| 63:16 | Macho · tribute_sent a jugador 6 |
| 63:16 | Macho · tribute_sent a jugador 7 |
| 63:16 | Macho · tribute_sent a jugador 8 |
| 64:30 | farewar60 · tribute_sent a jugador 1 |
| 64:30 | farewar60 · tribute_sent a jugador 2 |
| 64:30 | farewar60 · tribute_sent a jugador 3 |
| 64:30 | farewar60 · tribute_sent a jugador 5 |
| 64:30 | farewar60 · tribute_sent a jugador 6 |
| 64:30 | farewar60 · tribute_sent a jugador 7 |
| 64:30 | farewar60 · tribute_sent a jugador 8 |
| 67:50 | farewar60 · tribute_sent a jugador 1 |
| 67:50 | farewar60 · tribute_sent a jugador 2 |
| 67:50 | farewar60 · tribute_sent a jugador 3 |
| 67:50 | farewar60 · tribute_sent a jugador 5 |
| 67:50 | farewar60 · tribute_sent a jugador 6 |
| 67:50 | farewar60 · tribute_sent a jugador 7 |
| 67:50 | farewar60 · tribute_sent a jugador 8 |
| 69:31 | farewar60 · tribute_sent a jugador 1 |
| 69:31 | farewar60 · tribute_sent a jugador 2 |
| 69:31 | farewar60 · tribute_sent a jugador 3 |
| 69:31 | farewar60 · tribute_sent a jugador 5 |
| 69:31 | farewar60 · tribute_sent a jugador 6 |
| 69:31 | farewar60 · tribute_sent a jugador 7 |
| 69:31 | farewar60 · tribute_sent a jugador 8 |
| 70:23 | Macho · tribute_sent a jugador 1 |
| 70:23 | Macho · tribute_sent a jugador 3 |
| 70:23 | Macho · tribute_sent a jugador 4 |
| 70:23 | Macho · tribute_sent a jugador 5 |
| 70:23 | Macho · tribute_sent a jugador 6 |
| 70:23 | Macho · tribute_sent a jugador 7 |
| 70:23 | Macho · tribute_sent a jugador 8 |
| 72:00 | farewar60 · first_building Siege Workshop |
| 72:11 | farewar60 · first_building Archery Range |
| 72:22 | · resign |
[ ANÁLISIS IA · 1 CRÉDITO ]
¿Qué pasó realmente en esta partida?
Wolo.gg analiza cada decisión: build order, eco, micro, errores típicos por bracket. Análisis personalizado por WhatsApp o Discord en 30 segundos.
Guía civ
Portugueses
Perfil
Jugador #11902